Map: Galactic Process LE

Players

Didac - Winner!

  • Race: Terran Terran
  • League: Bronze

Gracz

  • Race: Zerg Zerg
  • League: Bronze

VOD

Have the link to the VOD?

Description

Time

  • Played on: Sept. 3, 2016, 12:16 p.m.
  • Length: 29:01
Show
View Real Time Build Order
Export as new Build Order

Didac Terran - Winner!

Build Orders: Banshee Rush 

Get SALT Encoding   

  12  0:05  SCV  
  13  0:17  SCV  
  14  0:28  Supply Depot  
  14  0:29  SCV  
  14  0:35  Refinery  
  15  0:49  SCV  
  16  0:55  Barracks  
  16  1:03  SCV  
  17  1:15  SCV  
  18  1:27  SCV  
  19  1:39  SCV  
  20  1:43  Supply Depot  
  20  1:48  Factory, Marine  
  21  1:55  SCV  
  22  2:01  Refinery  
  22  2:06  Marine  
  22  2:07  SCV  
  24  2:17  Supply Depot  
  24  2:19  SCV  
  25  2:24  Marine  
  26  2:34  Starport  
  26  2:36  Widow Mine  
  28  2:41  Marine  
  28  2:42  Supply Depot  
  29  3:00  SCV  
  29  3:03  Marine  
  31  3:21  Marine  
  31  3:23  Starport Tech Lab  
  32  3:31  Command Center  
  32  3:34  Orbital Command  
  32  3:44  Marine  
  33  3:48  Cloaking Field  
  33  3:55  Banshee  
  36  4:02  Marine  
  37  4:14  Factory Reactor  
  37  4:47  Orbital Command  
  37  4:55  Widow Mine x2  
  41  5:09  Orbital Command  
  41  5:13  Refinery  
  41  5:23  Widow Mine x2  
  45  5:37  Refinery  
  45  5:52  Widow Mine x2  
  45  5:55  Banshee  
  52  6:38  Banshee  
  52  7:19  SCV x2  
  52  7:21  Banshee  
  57  7:31  SCV x2  
  59  7:43  Armory, SCV x2  
  61  7:45  Armory  
  61  7:55  SCV  
  61  7:57  Fusion Core  
  61  7:58  Supply Depot  
  62  7:59  Supply Depot x2  
  62  8:03  Supply Depot  
  62  8:19  Banshee, SCV x2, Widow Mine x2  
  68  8:23  Supply Depot  
  68  8:24  Supply Depot  
  68  8:25  Supply Depot  
  65  8:28  Supply Depot  
  65  8:31  SCV  
  65  8:33  SCV  
  67  8:43  SCV  
  67  8:45  SCV  
  67  8:47  Supply Depot, Widow Mine x2  
  67  8:48  Supply Depot  
  73  8:51  Supply Depot x2  
  73  8:55  SCV  
  74  8:57  SCV  
  74  9:02  Banshee  
  78  9:07  SCV  
  78  9:09  SCV  
  80  9:16  Widow Mine x2  
  84  9:17  Command Center  
  84  9:19  SCV  
  85  9:44  Widow Mine x2  
  85  9:45  Banshee  
  92  9:50  Terran Vehicle And Ship Armor Level 1, Terran Vehicle Weapons Level 1  
  92  9:53  Hyperflight Rotors  
  92  10:02  SCV  
  92  10:03  SCV  
  94  10:13  Widow Mine x2  
  98  10:15  SCV x2  
  100  10:23  Starport  
  100  10:27  SCV x2  
  102  10:39  SCV x2  
  102  10:41  Widow Mine x2  
  108  10:49  Banshee  
  111  10:51  SCV x2  
  111  10:53  Factory  
  113  11:10  Widow Mine x2  
  117  11:13  Refinery  
  117  11:17  Starport Tech Lab  
  117  11:26  Starport  
  117  11:31  Banshee  
  120  11:38  Widow Mine x2  
  124  11:40  Refinery  
  124  12:07  Widow Mine x2  
  125  12:14  Banshee  
  119  12:42  Factory Tech Lab  
  119  12:57  Banshee  
  122  13:21  Drilling Claws  
  122  13:40  Banshee  
  113  14:08  Widow Mine  
  113  14:09  Widow Mine  
  117  14:24  Starport Tech Lab  
  117  14:37  Widow Mine x2  
  99  14:59  Factory  
  99  15:05  Widow Mine  
  99  15:06  Widow Mine  
  103  15:14  Factory Reactor  
  103  15:19  Orbital Command  
  101  15:34  Widow Mine x2  
  105  16:02  Factory Reactor  
  105  16:07  Widow Mine x4  
  113  16:35  Widow Mine x2  
  113  16:36  Widow Mine x2  
  121  17:04  Widow Mine x4  
  129  17:17  Banshee x2  
  129  17:18  Banshee  
  138  17:32  Widow Mine x2  
  138  17:33  Widow Mine x2  
  146  18:00  Banshee x3  
  146  18:01  Widow Mine x4  
  163  18:13  Terran Vehicle Weapons Level 2, Terran Vehicle And Ship Armor Level 2  
  163  18:43  Banshee  
  166  20:29  Banshee x3  
  175  20:54  Command Center  
  175  21:12  Banshee x3  
  154  21:54  Banshee  
  154  21:55  Banshee x2  
  157  22:37  Banshee x2  
  157  22:38  Banshee  
  136  23:07  Widow Mine x5  
  136  23:08  Widow Mine  
  132  23:20  Banshee x2  
  138  23:35  Widow Mine  
  138  23:36  Orbital Command, Widow Mine x3  
  138  23:37  Hellion x2  
  138  23:41  Refinery  
  150  23:58  Hellion, Widow Mine  
  154  24:04  Widow Mine x4  
  154  24:05  Refinery  
  162  24:19  Widow Mine  
  164  24:26  Widow Mine  
  166  24:32  Widow Mine  
  166  24:33  Widow Mine x3  
  174  24:47  Widow Mine  
  176  24:55  Widow Mine  
  178  25:01  Widow Mine x4  
  177  25:16  Widow Mine  
  170  25:23  Widow Mine  
  160  25:29  Widow Mine  
  156  25:59  Banshee x3  
  165  26:05  Terran Vehicle And Ship Armor Level 3  
  165  26:06  Terran Vehicle Weapons Level 3  
  155  26:42  Banshee x3  
  146  27:25  Banshee x3  
  155  28:07  Banshee  
  155  28:08  Banshee x2  
Show
View Real Time Build Order
Export as new Build Order

Gracz Zerg 

Build Orders: Pool First 

Get SALT Encoding   

  12  0:13  Drone x2  
  14  0:16  Extractor  
  14  0:17  Drone  
  15  0:35  Spawning Pool  
  14  0:40  Overlord  
  14  1:03  Extractor, Drone x3  
  16  1:18  Drone  
  17  1:46  Drone x3  
  20  2:02  Hatchery  
  20  2:04  Lair  
  19  2:15  Evolution Chamber  
  19  2:18  Evolution Chamber  
  19  2:20  Roach Warren, Drone x3  
  19  2:42  Zerg Missile Weapons Level 1  
  19  2:46  Extractor, Drone x2  
  20  3:10  Drone x2  
  22  3:23  Zerg Melee Weapons Level 1  
  23  3:27  Drone x2  
  24  3:34  Metabolic Boost  
  24  3:46  Extractor  
  24  3:48  Drone x2  
  24  3:49  Queen  
  24  3:50  Extractor  
  24  3:51  Drone x2  
  24  3:54  Overlord  
  28  4:02  Glial Reconstitution  
  28  4:25  Queen  
  28  4:27  Spire  
  29  4:41  Evolution Chamber  
  29  4:42  Drone x3  
  31  4:48  Drone  
  31  4:49  Drone x2  
  34  4:55  Queen  
  36  5:05  Overlord  
  36  5:18  Overlord x2  
  36  5:43  Roach x4  
  36  5:44  Roach x2  
  48  5:55  Queen  
  49  6:27  Burrow  
  49  6:30  Spore Crawler  
  47  6:38  Overseer  
  44  6:52  Spore Crawler  
  44  6:54  Spore Crawler  
  41  7:00  Drone  
  47  7:01  Drone x5  
  47  7:50  Infestation Pit, Drone x3  
  49  7:52  Drone x3  
  47  8:34  Hive  
  47  8:35  Drone  
  47  8:36  Drone x2  
  50  8:43  Drone x6  
  56  8:58  Queen  
  58  9:03  Zerg Ground Armor Level 1, Zerg Melee Weapons Level 2  
  58  9:05  Zerg Missile Weapons Level 2  
  58  9:39  Ravager x2  
  58  9:41  Overlord x2, Hatchery  
  58  9:42  Overlord x2  
  59  10:22  Greater Spire  
  59  10:26  Ultralisk Cavern  
  58  10:53  Drone  
  59  11:03  Drone x6  
  59  11:04  Drone x2  
  67  11:05  Overlord x4  
  67  11:12  Drone  
  67  11:16  Extractor  
  67  11:21  Extractor  
  66  11:40  Chitinous Plating  
  66  11:43  Zerg Flyer Weapons Level 1  
  66  11:46  Corruptor  
  68  11:47  Corruptor x8  
  84  11:58  Queen  
  66  12:31  Ultralisk x5  
  66  12:33  Queen, Corruptor  
  100  12:50  Drone x5  
  105  12:52  Drone  
  106  13:06  Brood Lord  
  106  13:07  Brood Lord  
  106  13:09  Drone  
  111  13:18  Zerg Ground Armor Level 2  
  101  14:00  Corruptor  
  101  14:01  Corruptor x5  
  103  14:19  Overseer  
  103  14:20  Overseer  
  103  14:21  Drone x2  
  103  14:23  Drone x2  
  107  14:48  Ultralisk  
  113  15:28  Overlord x2  
  113  15:29  Overlord x5  
  113  15:45  Drone  
  114  16:00  Brood Lord x4  
  122  16:09  Ultralisk  
  128  16:40  Hatchery  
  127  16:47  Ultralisk x2  
  139  17:10  Ultralisk, Corruptor  
  147  17:26  Extractor  
  146  17:33  Extractor  
  145  17:55  Drone  
  146  18:15  Spore Crawler  
  125  19:55  Corruptor x4  
  125  19:56  Overlord x2, Corruptor  
  125  19:57  Overlord x3  
  125  19:58  Ultralisk x4  
  125  19:59  Corruptor  
  159  20:00  Corruptor  
  157  20:13  Overseer x2  
  157  20:22  Drone  
  158  20:43  Drone x3  
  161  20:50  Drone  
  162  21:12  Drone x3  
  162  21:13  Drone  
  161  22:00  Mutalisk, Corruptor x3  
  169  22:09  Drone x3  
  169  22:10  Drone  
  169  22:12  Extractor  
  92  23:24  Overlord x3  
  92  23:25  Overlord x3  
  92  23:30  Overseer  
  92  23:32  Overseer x2  
  92  23:33  Overseer  
  92  24:02  Drone  
  93  24:03  Drone x2  
  95  24:11  Queen  
  95  24:14  Queen  
  101  24:21  Corruptor x2  
  101  24:22  Corruptor x4  
  51  25:32  Drone x3  
  54  25:36  Drone x3  
  57  26:09  Ultralisk Cavern  
  56  26:13  Spire  
  14  27:28  Mutalisk  
  11  28:09  Drone x3  
Tags
 
Add a new tag
Caveats
  • Supply blocks, unpowered buildings, or Contaminate may cause inaccurate times.
  • Supply counts are checked every 10 seconds.